 Dungeon Crawl Stone Soup version 0.28-a0-980-g3664467d6e (webtiles) character file.

Game seed: 6320175576572716483

34562 Peloso the Fencer (level 13, -8/118 HPs)
             Began as a Minotaur Fighter on Dec 2, 2021.
             Was the Champion of Okawaru.
             Mangled by a red ugly thing (23 damage)
             ... summoned by an orange crystal statue
             ... on level 10 of the Dungeon.
             The game lasted 00:38:21 (20869 turns).

Peloso the Fencer (Minotaur Fighter)               Turns: 20869, Time: 00:38:21

Health: -8/118     AC: 29    Str: 24      XL:     13   Next: 42%
Magic:  2/14       EV:  8    Int:  2 (3)  God:    Okawaru [******]
Gold:   97         SH:  0    Dex: 12      Spells: 12/12 levels left

rFire   . . .      SeeInvis .   a - +3 falchion
rCold   + + .      Faith    .   c - +0 kite shield {AC+3}
rNeg    + . .      Spirit   .   V - +6 plate armour of Exclusion {+Inv rPois rN+}
rPois   +          Reflect  .   E - +1 hat {Stlth+}
rElec   .          Harm     .   (no cloak)
rCorr   .          Rampage  .   (no gloves)
Will    +....                   I - +1 pair of boots of the Wumpus {Int+2}
Stlth   ..........              (no amulet)
HPRegen 0.29/turn               u - ring "Rerphu" {rC++ Will+ Int-4}
MPRegen 0.14/turn               (no ring)

@: confused, about to teleport
A: horns 2, retaliatory headbutt
a: Renounce Religion, Evoke Invisibility, Heroism, Finesse, Duel


You were on level 10 of the Dungeon.
You worshipped Okawaru.
Okawaru was exalted by your worship.
You visited 3 branches of the dungeon, and saw 16 of its levels.

You collected 998 gold pieces.
You spent 901 gold pieces at shops.

Inventory:

Hand Weapons
 a - a +3 falchion (weapon)
 b - a +2 morningstar of flaming
Missiles
 s - a throwing net (quivered)
Armour
 c - a +0 kite shield of protection (worn)
 w - a +0 plate armour
 E - a +1 hat of stealth (worn)
 I - the +1 pair of boots of the Wumpus (worn) {Int+2}
   (Okawaru gifted it to you on level 1 of the Lair of Beasts)

   Int:       It affects your intelligence (+2).
 L - the +15 Maxwell's patent armour {-Cast -Tele rElec Will+ rCorr}
   (You found it on level 2 of the Lair of Beasts)

   rElec:     It insulates you from electricity.
   -Cast:     It prevents spellcasting.
   -Tele:     It prevents most forms of teleportation.
   rCorr:     It protects you from acid and corrosion.
   Will:      It increases your willpower.
 V - the +6 plate armour of Exclusion (worn) {+Inv rPois rN+}
   (You bought it in a shop on level 7 of the Dungeon)

   rPois:     It protects you from poison.
   rN:        It protects you from negative energy.
   +Inv:      It lets you turn invisible.
Jewellery
 j - an amulet of magic regeneration
 u - the ring "Rerphu" (left hand) {rC++ Will+ Int-4}
   (You found it on level 5 of the Dungeon)

   [ring of willpower]

   Int:       It affects your intelligence (-4).
   rC:        It greatly protects you from cold.
   Will:      It increases your willpower.
 x - a ring of positive energy
 G - a ring of protection from cold
 H - a ring of protection from fire
 M - a ring of ice
 T - the ring of Yloz {rC+ Will+ MP+9 EV+4 Str+3}
   (You found it on level 4 of the Lair of Beasts)

   [ring of evasion]

   EV:        It affects your evasion (+4).
   Str:       It affects your strength (+3).
   rC:        It protects you from cold.
   MP:        It affects your magic capacity (+9).
   Will:      It increases your willpower.
Wands
 t - a wand of iceblast (9)
 B - a wand of paralysis (12)
 C - a wand of polymorph (6)
 K - a wand of flame (9)
 S - a wand of acid (4)
Scrolls
 e - 4 scrolls of identify
 f - 2 scrolls of holy word
 h - a scroll of silence
 k - 2 scrolls of noise
 l - 4 scrolls of amnesia
 n - 2 scrolls of enchant weapon
 o - 7 scrolls of teleportation
 v - a scroll of acquirement
 y - 2 scrolls of enchant armour {unknown}
 z - a scroll of magic mapping {unknown}
 D - a scroll of fear {unknown}
 F - a scroll of blinking {unknown}
 N - a scroll of vulnerability {unknown}
 R - a scroll of immolation {unknown}
 U - a scroll of fog {unknown}
Potions
 d - a potion of might
 g - a potion of heal wounds
 i - a potion of mutation
 m - a potion of invisibility
 p - 2 potions of cancellation
 r - 3 potions of haste {unknown}
 A - 2 potions of flight
 J - 2 potions of resistance {unknown}
 O - a potion of degeneration {unknown}
 Q - 4 potions of ambrosia
Miscellaneous
 P - a phial of floods


   Skills:
 + Level 12.1 Fighting
 + Level 15.2 Long Blades
 + Level 5.9 Maces & Flails
 + Level 15.0 Armour
 + Level 5.0 Dodging
 + Level 3.2 Stealth
 + Level 10.7 Shields
 + Level 0.1 Unarmed Combat
 + Level 2.9 Invocations
 + Level 0.2 Evocations


You had 12 spell levels left.
You didn't know any spells.
Your spell library contained the following spells:

 Spells                   Type           Power      Damage    Failure   Level
 Blink                    Tloc           0%         N/A       100%        2
 Corpse Rot               Necr/Air       0%         N/A       100%        2
 Poisonous Vapours        Pois/Air       0%         N/A       100%        2
 Scorch                   Fire           0%         2d5       100%        2
 Lesser Beckoning         Tloc           0%         N/A       100%        3
 Portal Projectile        Hex/Tloc       0%         N/A       100%        3
 Flame Wave               Conj/Fire      0%         2d4       100%        4
 Leda's Liquefaction      Hex/Erth       0%         N/A       100%        4
 Petrify                  Tmut/Erth      0%         N/A       100%        4
 Agony                    Necr           0%         N/A       100%        5
 Blade Hands              Tmut           0%         N/A       100%        5
 Excruciating Wounds      Necr           0%         N/A       100%        5
 Lee's Rapid Deconstruct  Erth           0%         3d5*      100%        5
 Manifold Assault         Tloc           0%         N/A       100%        5
 Metabolic Englaciation   Hex/Ice        0%         N/A       100%        5
 Eringya's Noxious Bog    Tmut/Pois      0%         N/A       100%        6
 Statue Form              Tmut/Erth      0%         N/A       100%        6
 Necromutation            Tmut/Necr      0%         N/A       100%        8
 Animate Skeleton         Necr           Unusable   N/A       N/A         1
 Summon Small Mammal      Summ           Unusable   N/A       N/A         1
 Call Canine Familiar     Summ           Unusable   N/A       N/A         3
 Summon Guardian Golem    Hex/Summ       Unusable   N/A       N/A         3
 Summon Forest            Summ/Tloc      Unusable   N/A       N/A         5
 Summon Cactus Giant      Summ           Unusable   N/A       N/A         6
 Summon Hydra             Summ           Unusable   N/A       N/A         7

Dungeon Overview and Level Annotations

Branches:
Dungeon (11/15)            Temple (1/1) D:4            Lair (4/6) D:10
  Swamp (0/4) Lair:4       Spider (0/4) Lair:2
    Orc: D:9-12

Altars:
Ashenzari
Cheibriados
Dithmenos
Elyvilon
Fedhas
Gozag
Hepliaklqana
Kikubaaqudgha
Makhleb
Nemelex Xobeh
Okawaru
Qazlal
Ru
Sif Muna
Trog
Uskayaw
Vehumet
Wu Jian
Xom
Yredelemnul
Zin
The Shining One

Shops:
D:1 (*   D:2 (   D:7 [

Annotations:
D:10 3 runed translucent doors, exclusion: orange crystal statue
Lair:3 2 runed translucent doors, Tevar's ghost, journeyman TrAK


Innate Abilities, Weirdness & Mutations

You have a pair of horns on your head.
You reflexively headbutt those who attack you in melee.


Message History

The centaur warrior zombie kicks you but does no damage.
The centaur warrior zombie closely misses you.
The centaur warrior zombie kicks you but does no damage.
You bump into the crystal wall.
The red ugly thing pecks you!
You are engulfed in flames!!
* * * LOW HITPOINT WARNING * * *
Unknown command.
You are too confused!
Unknown command.
You feel better.
The red ugly thing pecks you but does no damage.
The troll bites you but does no damage. You block the troll's attack. x2
The centaur unwields a +0 shortbow of freezing.
The centaur hits you but does no damage.
The centaur kicks you but does no damage.
You feel much better.
The orange crystal statue fixes its piercing gaze on you.
Something tries to feed on your intellect!
The red ugly thing pecks you!
You are engulfed in flames!
* * * LOW HITPOINT WARNING * * *
You block the centaur's attack. x2; The troll bites you!
* * * LOW HITPOINT WARNING * * *
You block the troll's attack. The troll claws you but does no damage.
As you read the scroll of teleportation, it crumbles to dust.
You feel strangely unstable.
The centaur hits you but does no damage.
The centaur kicks you but does no damage.
The red ugly thing pecks you but does no damage.
You block the troll's attack. The troll claws you but does no damage.
You block the troll's attack.
As you read the scroll of holy word, it crumbles to dust.
You speak a Word of immense power!
The centaur warrior zombie convulses!
The centaur hits you but does no damage.
The centaur kicks you but does no damage.
The orange crystal statue glitters.
You are confused.
The red ugly thing pecks you.
* * * LOW HITPOINT WARNING * * *
You are engulfed in flames!!
You die...

###..........#...# ####
#########...#+#...##.#...# ###...
..........###.###....#...###.....
.######.###.....###...........P..
.##.....#...#'#.(.#..#/...P..P..P
.##.##.##.###.###.##.#...P..P....
.......#..#.....#..#.......P.P..P
##....##.##..(.T##.##...P.P......
#..#.+..+..(8Zu@+..+.......P..P.
#..#.##.##..?.c##.##............
#..#..#..#.....#..#......PP..P..
##..#..##.###.###.##...........P.
....#...#...#+#...#...###.......P
.#.###..###.....###...# #..P.....
.#...<....###.###...### #........
.########...#'#...#########......
.#########......#.........#.....P


You could see an orange crystal statue, a red ugly thing (summoned), a troll
(summoned), a centaur (summoned) and a centaur warrior zombie (summoned, dazed).

Vanquished Creatures
  5 hydras
  Fannar (Lair:3)
  An ogre mage (D:11)
  3 boulder beetles
  A catoblepas (Lair:1)
  3 two-headed ogres
  2 centaur warriors
  A death knight (D:11)
  A lindwurm (Lair:4)
  2 deep elf pyromancers (D:11)
  A wolf spider (Lair:2)
  A manticore (D:11)
  2 cyclopes (D:11)
  A black mamba (Lair:1)
  A torpor snail (Lair:2)
  5 cane toads
  Maggie (Lair:1)
  A kobold demonologist (D:9)
  5 komodo dragons
  A rime drake (Lair:1)
  A queen bee (Lair:4)
  A freezing wraith (D:9)
  2 polar bears (Lair:3)
  A meliai (shapeshifter) (D:9)
  3 meliai (Lair:4)
  2 trolls
  Prince Ribbit (D:6)
  A hornet (D:11)
  A slime creature (D:11)
  43 yaks
  A wraith (D:11)
  A wyvern (Lair:1)
  A basilisk (D:11)
  2 vampire mosquitoes (Lair:4)
  A steam dragon (D:8)
  Eustachio (D:6)
  An acid dragon (D:11)
  10 water moccasins
  4 orc warriors
  4 black bears
  An ice beast (D:4)
  3 ogres
  4 centaurs
  A necrophage (D:7)
  5 wolves (Lair:1)
  A phantom (D:4)
  3 kobold brigands
  A wyvern zombie (D:7)
  8 bullfrogs
  3 gnoll sergeants
  2 scorpions
  2 water moccasin zombies
  A wyvern skeleton (D:6)
  26 killer bees
  An electric eel (Lair:3)
  3 howler monkeys
  8 wights
  3 bullfrog zombies
  5 centaur zombies
  A centaur skeleton (D:7)
  A hound (D:3)
  3 orc priests (D:4)
  3 jellies
  A bullfrog skeleton (D:6)
  10 orc wizards
  A scorpion zombie (D:5)
  3 iguanas
  A hound zombie (D:5)
  A hound skeleton (D:4)
  A howler monkey skeleton (D:5)
  12 gnolls
  3 adders
  A shadow imp (D:7)
  An ufetubus (D:7)
  2 worms
  An adder skeleton (D:4)
  3 dart slugs
  37 orcs
  4 ball pythons
  3 endoplasms
  4 giant cockroaches
  8 hobgoblins
  3 jackals (D:4)
  16 kobolds
  6 quokkas
  8 bats
  3 frilled lizards
  7 goblins
  9 rats
359 creatures vanquished.

Vanquished Creatures (others)
  89 fungi
  53 plants
142 creatures vanquished.

Grand Total: 501 creatures vanquished

Notes
Turn   | Place    | Note
-------+----------+-------------------------------------------
     0 | D:1      | Peloso the Minotaur Fighter began the quest for the Orb.
     0 | D:1      | Reached XP level 1. HP: 19/19 MP: 0/0
   191 | D:1      | Found Rameroshro's Weapon Boutique.
   235 | D:1      | Reached XP level 2. HP: 27/27 MP: 1/1
   547 | D:1      | Found a faded altar of an unknown god.
   579 | D:1      | Reached XP level 3. HP: 33/33 MP: 2/2
   621 | D:1      | Found Vihulle's General Store.
  1108 | D:2      | Found Puir's Weapon Shoppe.
  1713 | D:3      | Reached XP level 4. HP: 39/40 MP: 3/3
  2106 | D:3      | Noticed an ogre
  2111 | D:3      | Killed an ogre
  2112 | D:3      | Reached skill level 5 in Armour
  2112 | D:3      | Reached XP level 5. HP: 39/46 MP: 4/4
  2448 | D:1      | Bought a potion of curing for 36 gold pieces
  2448 | D:1      | Bought a scroll of teleportation for 36 gold pieces
  2525 | D:4      | Found a staircase to the Ecumenical Temple.
  2535 | D:4      | Reached skill level 1 in Dodging
  2541 | Temple   | Entered the Ecumenical Temple
  2845 | D:4      | Reached skill level 5 in Long Blades
  2944 | D:4      | Reached XP level 6. HP: 41/53 MP: 5/5
  3300 | D:4      | Noticed an ice beast
  3333 | D:4      | Killed an ice beast
  3551 | D:4      | Found a hide-covered altar of Uskayaw.
  3728 | D:4      | Reached XP level 7. HP: 46/60 MP: 6/6
  3844 | D:4      | Found a glowing silver altar of Zin.
  3844 | D:4      | Noticed an angel
  3866 | D:4      | Found an iron altar of Okawaru.
  3976 | D:4      | Became a worshipper of Warmaster Okawaru
  4080 | D:5      | Entered Level 5 of the Dungeon
  4172 | D:5      | Identified the ring "Rerphu" {rC++ Will+ Int-4}
  4769 | D:5      | Reached skill level 5 in Fighting
  5044 | D:5      | Identified a scroll of acquirement
  5059 | D:5      | Reached skill level 5 in Shields
  5417 | D:5      | Reached XP level 8. HP: 65/68 MP: 7/7
  5468 | D:6      | Found a blossoming altar of Fedhas.
  5498 | D:6      | Noticed Prince Ribbit
  5528 | D:6      | Killed Prince Ribbit
  5528 | D:6      | Reached * piety under Okawaru
  5698 | D:6      | Reached skill level 1 in Stealth
  6011 | D:6      | Found a white marble altar of Elyvilon.
  6022 | D:6      | Found an opulent altar of Gozag.
  6114 | D:6      | Noticed Eustachio
  6132 | D:6      | Killed Eustachio
  6132 | D:6      | Reached ** piety under Okawaru
  6180 | D:6      | Found a burning altar of Makhleb.
  6343 | D:6      | Reached XP level 9. HP: 61/75 MP: 8/8
  6839 | D:7      | Reached skill level 1 in Invocations
  7725 | D:7      | Found Wolijyxt's Armour Shoppe.
  7850 | D:8      | Reached skill level 10 in Long Blades
  8163 | D:8      | Reached *** piety under Okawaru
  9051 | D:9      | Reached skill level 10 in Armour
  9248 | D:9      | Noticed a troll
  9254 | D:9      | Killed a troll
  9373 | D:9      | Noticed an eight-headed hydra
  9397 | D:10     | Entered Level 10 of the Dungeon
  9417 | D:10     | Reached XP level 10. HP: 64/86 MP: 9/9
  9552 | D:10     | Found a runed translucent door.
  9774 | D:10     | Reached **** piety under Okawaru
  9868 | D:10     | Received a gift from Okawaru
  9906 | D:10     | Found a staircase to the Lair.
 10184 | D:10     | Found a runed translucent door.
 10203 | D:10     | Found a runed translucent door.
 10217 | D:10     | Found a runed translucent door.
 10475 | D:10     | Found a radiant altar of Vehumet.
 10626 | D:10     | Noticed a centaur warrior
 10635 | D:10     | Killed a centaur warrior
 10635 | D:10     | Reached ***** piety under Okawaru
 10845 | D:11     | Noticed a two-headed ogre
 10862 | D:10     | Killed a two-headed ogre
 11141 | D:11     | Reached XP level 11. HP: 74/95 MP: 10/10
 11262 | D:11     | Received a gift from Okawaru
 11473 | D:11     | Noticed a two-headed ogre
 11489 | D:11     | Killed a two-headed ogre
 11530 | D:11     | Paralysed by a hornet for 1 turns
 11532 | D:11     | Paralysed by a hornet for 1 turns
 11956 | D:11     | Noticed a death knight
 11982 | D:11     | Killed a death knight
 12168 | D:11     | Noticed a deep elf pyromancer
 12190 | D:11     | Killed a deep elf pyromancer
 12230 | D:11     | Noticed a boulder beetle
 12239 | D:11     | Noticed an ogre mage
 12260 | D:11     | Killed a boulder beetle
 12266 | D:11     | Killed an ogre mage
 12474 | D:11     | Noticed a two-headed ogre
 12476 | D:11     | Noticed a deep elf pyromancer
 12490 | D:11     | Killed a two-headed ogre
 12505 | D:11     | Killed a deep elf pyromancer
 12983 | D:11     | Noticed a boulder beetle
 13010 | D:11     | Killed a boulder beetle
 13010 | D:11     | Received a gift from Okawaru
 13011 | D:11     | Reached skill level 10 in Fighting
 13013 | D:11     | Noticed a brown ugly thing
 13275 | Lair:1   | Entered Level 1 of the Lair of Beasts
 13441 | Lair:1   | Reached XP level 12. HP: 95/106 MP: 10/12
 14029 | Lair:1   | Reached ****** piety under Okawaru
 14350 | Lair:1   | Noticed Maggie
 14358 | Lair:1   | Killed Maggie
 14358 | Lair:1   | Identified the +1 pair of boots of the Wumpus {Int+2}
                  | (Okawaru gifted it to you on level 1 of the Lair of Beasts)
 14358 | Lair:1   | Received a gift from Okawaru
 14871 | Lair:1   | Noticed a catoblepas
 14901 | Lair:1   | Killed a catoblepas
 16005 | D:9      | Found a shadowy altar of Dithmenos.
 16124 | D:9      | Killed an eight-headed hydra
 16262 | D:9      | Noticed a centaur warrior
 16262 | D:9      | Noticed a seven-headed hydra
 16269 | D:9      | Killed a centaur warrior
 16273 | D:9      | Killed a seven-headed hydra
 16940 | Lair:2   | Found a hole to the Spider Nest.
 17345 | Lair:2   | Reached skill level 5 in Maces & Flails
 17646 | Lair:2   | Found the +15 Maxwell's patent armour {-Cast -Tele rElec
                  | Will+ rCorr}
 17648 | Lair:2   | Noticed a four-headed hydra
 17663 | Lair:2   | Killed a four-headed hydra
 17664 | Lair:2   | Reached XP level 13. HP: 89/116 MP: 14/14
 17878 | Lair:2   | Got Gloorx Vloq's Almanac of Stolen Souls
 17985 | Lair:3   | Found a large runed translucent door.
 17993 | Lair:3   | Reached skill level 15 in Long Blades
 18056 | Lair:3   | Noticed Fannar
 18068 | Lair:3   | Killed Fannar
 18352 | Lair:3   | Found the +8 glaive of the Guard {elec, spectral, AC+5}
 18354 | Lair:3   | Found a large runed translucent door.
 18358 | Lair:3   | Received a gift from Okawaru
 18375 | Lair:3   | Noticed Tevar's ghost (journeyman TrAK)
 18717 | Lair:3   | Identified the +3 leather armour of Pride {rPois rC+ rN+
                  | Will++}
 18904 | Lair:4   | Reached skill level 10 in Shields
 19144 | Lair:4   | Found a staircase to the Swamp.
 19181 | Lair:4   | Received a gift from Okawaru
 19710 | Lair:4   | Identified the ring of Yloz {rC+ Will+ MP+9 EV+4 Str+3}
 19919 | Lair:4   | Reached skill level 5 in Dodging
 19957 | Lair:4   | Reached skill level 15 in Armour
 20635 | D:7      | Bought the +6 plate armour of Exclusion {+Inv rPois rN+}
                  | for 829 gold pieces
 20869 | D:10     | Mangled by a red ugly thing

Illustrated notes

Levels and vault maps discovered:
D:1:      sevenhm_arrival_forest_fort_small_3, layout_basic,
          ebering_ecumenical_altar_rust, serial_shops, shop,
          nicolae_shop_temple_entry_statues_fountains
D:2:      layout_rooms, serial_shops, nicolae_shop_bloodbath_and_beyond
D:3:      layout_basic, chequers_serial_rivers_marsh, grunt_decor_fettered
D:4:      layout_rooms, zin_angel, kennysheep_little_box,
          nicolae_uskayaw_murder_on_the_dancefloor,
          minmay_temple_entry_proselytizer
D:5:      layout_gridville, lightli_minifort
D:6:      layout_gridville, mainiacjoe_overflow_six_doors_small,
          lightli_temple_of_fire, mainiacjoe_overflow_catch_the_wave,
          uniq_eustachio, uniq_prince_ribbit1
D:7:      layout_basic, serial_shops, shop_fountains
D:8:      layout_basic, patterned_corridor
D:9:      minmay_shrinking_squares, layout_basic, lemuel_crystal_altar
D:10:     layout_basic, mainiacjoe_overflow_small_starburst,
          due_lair_maze_entry_diamond, minmay_statue_crystal_thing
D:11:     minmay_ornate_pinched, layout_rooms, minmay_misc_feat_cross
Temple:   nicolae_temple_figure_eight
Lair:1:   layout_big_grid, hibernation_bobbens, grunt_megastairs_4, uniq_maggie
Lair:2:   layout_cave_shapes, spider_nest_entry_rubble,
          dreamdust_deal_with_the_devil, nicolae_quartered_pool_impasse,
          serial_bayou_pond_a, chequers_serial_rivers_micro_a, st_stairs_3,
          columned_hall_lemuel
Lair:3:   layout_regular_city, ebering_ghost_disaster_area,
          gammafunk_lair_bear_cave, lemuel_fruit_fields, uniq_fannar
Lair:4:   layout_roguey [special_room_bee], minmay_swamp_entry_swarm,
          chequers_serial_rivers_micro_b

Skill      XL: |  1  2  3  4  5  6  7  8  9 10 11 12 13 |
---------------+----------------------------------------+-----
Armour         | 4 5 6 7 8 10 11 13 14 15 | 15.0
Shields        | 4 5 6 7 8 9 10 | 10.7
Long Blades    | 3 4 5 6 7 8 11 12 14 15 | 15.2
Fighting       | 4 5 6 7 8 10 11 12 | 12.1
Dodging        | 1 2 3 4 5 |  5.0
Stealth        | 1 2 3 |  3.2
Invocations    | 1 2 |  2.9
Maces & Flails | 5 |  5.9
Unarmed Combat | |  0.1
Evocations     | |  0.2

Action                   |  1- 3 |  4- 6 |  7- 9 | 10-12 | 13-15 || total
-------------------------+-------+-------+-------+-------+-------++-------
Melee: Long sword        |   111 |   103 |   351 |       |       ||   565
       Headbutt          |    10 |    19 |    83 |   203 |    85 ||   400
       Falchion          |       |       |    20 |   664 |   252 ||   936
       Morningstar       |       |       |       |    69 |    40 ||   109
       Unarmed           |       |       |       |     2 |       ||     2
Invok: Heroism           |       |       |     3 |    15 |     2 ||    20
Evoke: Wand              |       |       |       |     7 |     1 ||     8
  Use: Potion            |       |     2 |       |     5 |     6 ||    13
       Scroll            |       |       |    12 |     4 |     2 ||    18
Armor: Scale mail        |    36 |       |       |       |       ||    36
       Chain mail        |    49 |    64 |   125 |       |       ||   238
       Plate armour      |       |       |    71 |   330 |   239 ||   640
Dodge: Dodged            |    55 |    49 |   156 |   237 |   106 ||   603
Block: Buckler           |    37 |    24 |    80 |   144 |    57 ||   342
       Kite shield       |       |       |       |       |    86 ||    86

Table legend: (Time is in decaauts)
 A = Elapsed time spent in this place.
 B = Non-inter-level travel time spent in this place.
 C = Inter-level travel time spent in this place.
 D = Time resting spent in this place.
 E = Time spent auto-exploring this place.
 F = Levels seen in this place.
 G = Mean time per level.
                   A        B        C        D        E       F      G
               +--------+--------+--------+--------+--------+-----+--------+
         Total |  20639 |  19539 |   1100 |   2518 |  13264 |  16 | 1289.9 |
       Dungeon |  14875 |  13976 |    899 |   1806 |   9507 |  11 | 1352.3 |
        Temple |    279 |    279 |      0 |      0 |    235 |   1 |  279.0 |
          Lair |   5484 |   5283 |    201 |    712 |   3522 |   4 | 1371.0 |
               +--------+--------+--------+--------+--------+-----+--------+

Top non-repeatable levels by time:
    D:10: 2413 daAuts
     D:9: 2254 daAuts
  Lair:1: 1867 daAuts
    D:11: 1584 daAuts
  Lair:4: 1552 daAuts
     D:5: 1392 daAuts
     D:6: 1360 daAuts
     D:3: 1216 daAuts
  Lair:2: 1151 daAuts
     D:7: 1116 daAuts
     D:4: 1049 daAuts
     D:1: 1043 daAuts
  Lair:3: 914 daAuts
     D:8: 902 daAuts
     D:2: 540 daAuts
